 Dungeon Crawl Stone Soup version 0.18.1-48-g4cf74bf (webtiles) character file.

79 Antonin the Grasshopper (level 4, -5/39 HPs)
             Began as a Naga Warper on Sept 5, 2016.
             Killed from afar by a white imp (10 damage)
             ... with a puff of frost
             ... summoned by Natasha
             ... on level 2 of the Dungeon.
             The game lasted 00:06:40 (1937 turns).

Antonin the Grasshopper (Naga Warper)               Turns: 1937, Time: 00:06:40

Health: -5/39      AC:  6    Str: 14    XL:     4   Next: 38%
Magic:  7/7        EV:  9    Int: 13    God:
Gold:   112        SH:  0    Dex: 11    Spells: 1 memorised, 6 levels left

rFire  . . .     SeeInvis +     a - +0 spear
rCold  . . .     Gourm    .     b - +0 leather armour
rNeg   . . .     Faith    .     (no shield)
rPois  +         Spirit   .     l - +2 helmet
rElec  .         Dismiss  .     i - +0 cloak
rCorr  .         Reflect  .     (no gloves)
SustAt .         Harm     .     (no barding)
MR     .....                    (no amulet)
Stlth  +.........               (no ring)
                                (no ring)

@: very slow, not resistant to hostile enchantments, very unstealthy
A: see invisible, deformed body, poison resistance, slowness 2, slow metabolism
1, spit poison 2, AC +1
a: Spit Poison


You were on level 2 of the Dungeon.
You were not hungry.

You visited 1 branch of the dungeon, and saw 2 of its levels.

You collected 112 gold pieces.

Inventory:

Hand Weapons
 a - a +0 spear (weapon)
Missiles
 e - 5 tomahawks of dispersal (quivered)
Armour
 b - a +0 leather armour (worn)
 i - a +0 cloak (worn)
 l - a +2 helmet (worn)
Scrolls
 d - a scroll of blinking
 g - 2 scrolls of identify {unknown}
 k - a scroll of fog {unknown}
 m - a scroll of recharging {unknown}
 n - a scroll of fear {unknown}
 p - a scroll of amnesia {unknown}
Potions
 j - 2 potions of mutation {unknown}
 o - a potion of resistance {unknown}
Books
 c - a book of Spatial Translocations

   Spells                             Type                      Level
   a - Apportation                    Translocation                1
   b - Blink                          Translocation                2
   c - Shroud of Golubria             Charms/Translocation         2
   d - Portal Projectile              Translocation                3
   e - Teleport Other                 Translocation                3
   f - Passage of Golubria            Translocation                4
Comestibles
 f - 3 bread rations
 h - a meat ration
 q - 2 slices of pizza
 r - a chunk of flesh


   Skills:
 - Level 2.0 Fighting
 + Level 2.6 Polearms
 - Level 0.8 Throwing
 - Level 0.7 Armour
 + Level 2.2 Dodging
 - Level 2.0 Spellcasting
 * Level 4.2 Translocations


You had 6 spell levels left.
You knew the following spells:

 Your Spells              Type           Power        Failure   Level  Hunger
a - Apportation           Tloc           ##........   8%          1    ##.....


Dungeon Overview and Level Annotations

Branches:
Dungeon (2/15)

Altars:
Fedhas

Annotations:
D:2 Natasha


Innate Abilities, Weirdness & Mutations

You cannot wear boots.
Your serpentine skin is tough (AC +1).
You have supernaturally acute eyesight.
Armour fits poorly on your strangely shaped body.
Your system is resistant to poisons.
You cover ground very slowly.
You have a slow metabolism.
You can spit poison.


Message History

The white imp hits you but does no damage.
You closely miss Natasha.
Natasha is almost dead.
Natasha howls an incantation.
Natasha glows brightly for a moment.
Natasha claws you.
* * * LOW HITPOINT WARNING * * *
You barely miss Natasha.
Natasha is almost dead.
The white imp closely misses you.
Natasha casts a spell.
You hit Natasha.
Natasha is almost dead.
The white imp closely misses you. Natasha misses you.
You hit Natasha.
Natasha is almost dead.
The white imp puffs mist at you. The white imp gestures at you.
The puff of frost hits you!
You die...

# #.# #.##.###.......
. #.# #.##.#.......#.
##
#.#.###.##.#.#####.#.
....#.#..##.##.#.#
#.#.
......).....##.#.#
#...
###.###...[....).#
#.#.
#...####.#.#####.#.
#.5.## #.#.......#.
#h@..# #.####.#....
......5...# #.#
#.#.###
.#.##.......#.# #(..#
#..............#.#
#.............###<#
###...###....# #..
#...# ##### ## #####


You could see Natasha and 2 white imps.

Vanquished Creatures
  Terence (D:2)
  2 adders (D:2)
  2 dart slugs (D:1)
  A bat (D:1)
  3 giant cockroaches
  6 goblins
  4 hobgoblins (D:1)
  2 jackals (D:1)
  2 quokkas (D:2)
  3 giant newts (D:1)
  A kobold (D:1)
  4 rats (D:1)
31 creatures vanquished.

Notes
Turn   | Place    | Note
--------------------------------------------------------------
     0 | D:1      | Antonin the Naga Warper began the quest for the Orb.
     0 | D:1      | Reached XP level 1. HP: 19/19 MP: 3/3
   140 | D:1      | Reached XP level 2. HP: 26/26 MP: 5/5
   721 | D:1      | Reached XP level 3. HP: 31/32 MP: 6/6
  1243 | D:2      | Noticed Terence
  1281 | D:2      | Killed Terence
  1281 | D:2      | Reached skill level 4 in Translocations
  1281 | D:2      | Reached XP level 4. HP: 35/39 MP: 7/7
  1549 | D:2      | Found a blossoming altar of Fedhas.
  1909 | D:2      | Noticed Natasha
  1937 | D:2      | Killed from afar by a white imp

Skill      XL: |  1  2  3 |
---------------+----------+-----
Dodging        | 2 |  2.2
Translocations | 4 |  4.2
Fighting       | |  2.0
Polearms       | |  2.6
Throwing       | |  0.8
Armour         | |  0.7
Spellcasting   | |  2.0

Action                   |  1- 3 |  4- 6 || total
-------------------------+-------+-------++-------
Melee: Spear             |   144 |    63 ||   207
  Use: Potion            |     1 |       ||     1
  Eat: Chunk             |       |     2 ||     2
Armor: Leather armour    |    26 |    15 ||    41
       Skin              |    17 |       ||    17
Dodge: Dodged            |    50 |    25 ||    75
